 Dungeon Crawl Stone Soup version 0.18-a0-1788-g92de1ac (webtiles) character file.

7053 dobroeutro the Protected (level 11, -4/71 HPs)
             Began as a Gargoyle Fighter on Apr 19, 2016.
             Was a Priest of Okawaru.
             Slain by a troll (7 damage)
             ... on level 10 of the Dungeon.
             The game lasted 00:17:42 (7951 turns).

dobroeutro the Protected (Gargoyle Fighter)         Turns: 7951, Time: 00:17:42

Health: -4/71      AC: 26    Str: 24    XL:     11   Next: 9%
Magic:  0/11       EV:  9    Int: 10    God:    Okawaru [***...]
Gold:   282        SH: 12    Dex:  9    Spells: 0 memorised, 10 levels left

rFire  + + .     SeeInvis +     O - +2 hand axe (vamp)
rCold  + . .     Gourm    .     N - +4 scale mail of Ibevo {rF++ rC+ Slay-3}
rNeg   + . .     Faith    .     c - +0 shield
rPois  ∞         Spirit   +     I - +2 hat
rElec  +         Dismiss  .     w - +0 cloak
rCorr  .         Reflect  .     E - +0 pair of gloves
SustAt .         Harm     .     z - +0 pair of boots {run}
MR     .....                    F - amulet of guardian spirit
Stlth  ..........               D - +2 ring of strength (curse)
                                x - ring of see invisible

@: quick, not resistant to hostile enchantments, extremely unstealthy
A: negative energy resistance 1, electricity resistance, unbreathing,
petrification resistance, rot immunity, AC +7
a: Heroism, Renounce Religion


You were on level 10 of the Dungeon.
You worshipped Okawaru.
Okawaru was most pleased with you.
You were very hungry.

You visited 2 branches of the dungeon, and saw 11 of its levels.

You collected 503 gold pieces.
You spent 221 gold pieces at shops.

Inventory:

Hand Weapons
 r - a +0 flail of holy wrath
 O - a +2 vampiric hand axe (weapon)
Armour
 c - a +0 shield (worn)
 w - a +0 cloak (worn)
 z - a +0 pair of boots of running (worn)
 E - a +0 pair of gloves (worn)
 I - a +2 hat (worn)
 N - the +4 scale mail of Ibevo (worn) {rF++ rC+ Slay-3}
   (You found it on level 6 of the Dungeon)

   It affects your accuracy and damage with ranged weapons and melee attacks
   (-3).
   It greatly protects you from fire.
   It protects you from cold.
Jewellery
 x - a ring of see invisible (left hand)
 D - a cursed +2 ring of strength (right hand)
 F - an amulet of guardian spirit (around neck)
 V - an uncursed ring of wizardry {unknown}
Wands
 a - a wand of iceblast (7/15)
 G - a wand of iceblast (12/15)
 M - a wand of iceblast (6/15)
 Q - a wand of paralysis (9/24)
 R - a wand of acid (8/15)
 S - a wand of iceblast (4/15)
 T - a wand of lightning (9/15)
 U - a wand of flame (23/48)
Scrolls
 e - a scroll of blinking {unknown}
 g - 3 scrolls of immolation {unknown}
 j - 6 scrolls of identify {unknown}
 k - 5 scrolls of magic mapping {unknown}
 n - a scroll of random uselessness {unknown}
 p - 4 scrolls of fear {unknown}
 s - 2 scrolls of enchant armour {unknown}
 y - 6 scrolls of teleportation {unknown}
 B - 2 scrolls of noise {unknown}
 H - 8 scrolls of remove curse {unknown}
 P - 2 scrolls of enchant weapon {unknown}
 W - a scroll of amnesia {unknown}
Potions
 b - a potion of brilliance {unknown}
 d - 3 potions of might
 h - 2 potions of heal wounds {unknown}
 i - a potion of haste {unknown}
 l - 3 potions of flight {unknown}
 m - 2 potions of lignification {unknown}
 q - 4 potions of curing
 t - a potion of resistance
 u - a potion of mutation {unknown}
 A - a potion of degeneration {unknown}
 C - a potion of magic {unknown}
 J - a potion of ambrosia {unknown}
 K - a potion of cancellation {unknown}
Comestibles
 f - 6 bread rations
 o - 4 meat rations
 v - 5 fruits
 L - a beef jerky


   Skills:
 + Level 9.5 Fighting
 + Level 8.8 Maces & Flails
 + Level 9.9 Armour
 + Level 9.7 Shields


You had 10 spell levels left.
You didn't know any spells.

Dungeon Overview and Level Annotations

Branches:
Dungeon (10/15)            Temple (1/1) D:7            Lair (0/8) D:9
    Orc (0/2) D:9

Altars:
Ashenzari
Cheibriados
Dithmenos
Elyvilon
Fedhas
Gozag
Kikubaaqudgha
Makhleb
Nemelex Xobeh
Okawaru
Pakellas
Qazlal
Ru
Sif Muna
Trog
Vehumet
Xom
Yredelemnul
Zin
The Shining One

Shops:
D:5 [   D:9 }


Innate Abilities, Weirdness & Mutations

You are resistant to torment.
Your stone body is resilient (AC +7).
You are immune to poison.
You resist negative energy.
You are resistant to electric shocks.
You can survive without breathing.
You are immune to petrification.
You are immune to rotting.


Message History

You block the troll's attack.
You hit the troll but do no damage.
The troll is heavily wounded.
You block the troll's attack. The troll claws you.
* * * LOW HITPOINT WARNING * * *
The troll closely misses you.
You slash the troll!
The troll is severely wounded.
You block the troll's attack. The troll claws you but does no damage.
The troll closely misses you.
You closely miss the troll.
The troll is severely wounded.
You block the troll's attack. The troll claws you.
* * * LOW HITPOINT WARNING * * *
The troll claws you.
* * * LOW HITPOINT WARNING * * *
You barely miss the troll.
The troll is severely wounded.
The troll bites you!
You die...

..# # #.# ##. ... ..#
####.###.# #........#
...##..# # '######.##..#
.# ........T@..# ..#
......#.##.[#########...#
..... #.##...............
.... ..##...............
... .####...............
#### ..
..####.##.##.####...# ..#
. .> .....##....# ..# #.#
### ###.......## .##.####
#.(......###


You could see a troll.

Vanquished Creatures
  Erica (D:8)
  Pikel (D:6)
  Eustachio (D:6)
  A troll (D:10)
  A tengu conjurer (D:10)
  Grinder (D:6)
  3 yaks (D:9)
  2 hippogriffs
  A steam dragon (D:9)
  A hungry ghost (D:7)
  A basilisk (D:9)
  Menkaure (D:5)
  Edmund (D:6)
  Duvessa (D:4)
  A black bear (D:7)
  2 ice beasts
  3 orc warriors
  A sky beast (D:10)
  2 phantoms
  5 ogres
  3 centaurs
  4 giant frogs
  Dowan (D:4)
  2 scorpions (D:7)
  10 killer bees (D:8)
  11 wights (D:9)
  5 crimson imps
  A giant frog zombie (D:6)
  An orc priest (D:8)
  6 hounds
  2 orc wizards
  Crazy Yiuf (D:7)
  A centaur skeleton (D:6)
  An iguana (D:6)
  Natasha (twice) (D:4)
  6 worker ants
  A statue (D:5)
  2 hound skeletons
  A worker ant zombie (D:9)
  10 adders
  2 shadow imps
  2 adder zombies
  5 worms
  4 giant geckos
  30 orcs
  2 giant cockroaches
  4 goblins
  7 hobgoblins
  6 jackals
  3 quokkas
  2 ball pythons
  A bat (D:3)
  A giant newt (D:2)
  8 kobolds
  A quokka skeleton (D:8)
  8 rats
  A fungus (D:7)
189 creatures vanquished.

Vanquished Creatures (others)
  A tengu reaver (D:3)
  2 slaves (D:6)
  An iguana (D:6)
  A quokka (D:6)
  A plant (D:10)
6 creatures vanquished.

Grand Total: 195 creatures vanquished

Notes
Turn   | Place    | Note
--------------------------------------------------------------
     0 | D:1      | dobroeutro the Gargoyle Fighter began the quest for the Orb.
     0 | D:1      | Reached XP level 1. HP: 14/14 MP: 1/1
   217 | D:1      | Found a shattered altar of Ashenzari.
   666 | D:2      | Found a faded altar to an unknown god.
   673 | D:2      | Reached XP level 2. HP: 17/19 MP: 2/2
   749 | D:2      | Reached XP level 3. HP: 7/23 MP: 3/3
  1138 | D:2      | Found a snail-covered altar of Cheibriados.
  1140 | D:2      | Found a stormy altar of Qazlal.
  1175 | D:3      | Found a shadowy altar of Dithmenos.
  1234 | D:3      | Reached XP level 4. HP: 28/29 MP: 4/4
  1679 | D:3      | Found an oddly glowing altar of Pakellas.
  1680 | D:3      | Noticed a tengu reaver
  1687 | D:3      | Killed a tengu reaver
  1720 | D:3      | Reached XP level 5. HP: 31/33 MP: 5/5
  2039 | D:4      | Found an oddly glowing altar of Pakellas.
  2039 | D:4      | Noticed Duvessa
  2039 | D:4      | Noticed Dowan
  2057 | D:4      | Killed Duvessa
  2057 | D:4      | Reached XP level 6. HP: 25/39 MP: 6/6
  2077 | D:4      | Killed Dowan
  2220 | D:4      | Noticed a moth of wrath
  2224 | D:4      | Found a bloodstained altar of Trog.
  2310 | D:4      | Noticed Natasha
  2533 | D:4      | Killed Natasha
  2533 | D:4      | Reached skill level 5 in Armour
  2561 | D:4      | Found a glowing silver altar of Zin.
  2561 | D:4      | Noticed an angel
  2761 | D:4      | Noticed Natasha
  2780 | D:4      | Killed Natasha
  2874 | D:5      | Entered Level 5 of the Dungeon
  2884 | D:5      | Reached skill level 5 in Shields
  2983 | D:5      | Reached skill level 5 in Fighting
  2983 | D:5      | Reached XP level 7. HP: 39/44 MP: 7/7
  3168 | D:5      | Found Ytuwn's Antique Armour Boutique.
  3176 | D:5      | Bought a pair of runed boots for 117 gold pieces
  3176 | D:5      | Bought a runed hat for 104 gold pieces
  3181 | D:5      | Identified a +0 pair of boots of running (You bought it in a shop on level 5 of the Dungeon)
  3218 | D:5      | Found a radiant altar of Vehumet.
  3460 | D:5      | Found a burning altar of Makhleb.
  3460 | D:5      | Noticed a balrug
  3465 | D:5      | Noticed an orange demon
  3465 | D:5      | Noticed a neqoxec
  3643 | D:6      | Noticed Edmund
  3643 | D:6      | Noticed Menkaure
  3659 | D:5      | Killed Menkaure
  3883 | D:6      | Killed Edmund
  3883 | D:6      | Reached XP level 8. HP: 50/51 MP: 8/8
  3917 | D:6      | Noticed Grinder
  3937 | D:6      | Paralysed by Grinder for 4 turns
  3945 | D:6      | Killed Grinder
  3945 | D:6      | Reached skill level 5 in Maces & Flails
  3989 | D:6      | Noticed Pikel
  4051 | D:6      | Killed Pikel
  4051 | D:6      | Reached XP level 9. HP: 48/56 MP: 9/9
  4127 | D:6      | Noticed Eustachio
  4180 | D:6      | Killed Eustachio
  4397 | D:6      | Got a pitted scale mail
  4408 | D:6      | Identified the +4 scale mail of Ibevo {rF++ rC+ Slay-3} (You found it on level 6 of the Dungeon)
  4632 | D:7      | Found a staircase to the Ecumenical Temple.
  4671 | Temple   | Entered the Ecumenical Temple
  4779 | Temple   | Became a worshipper of Warmaster Okawaru
  5174 | D:7      | Noticed Crazy Yiuf
  5181 | D:7      | Killed Crazy Yiuf
  5343 | D:8      | Noticed Erica
  5378 | D:8      | Killed Erica
  5378 | D:8      | Reached * piety under Okawaru
  5378 | D:8      | Reached XP level 10. HP: 64/64 MP: 10/10
  6131 | D:8      | Found a shimmering altar of Xom.
  6235 | D:8      | Reached ** piety under Okawaru
  6239 | D:8      | Found an opulent altar of Gozag.
  6589 | D:8      | Found a blossoming altar of Fedhas.
  7208 | D:9      | Found a staircase to the Lair.
  7423 | D:9      | Reached *** piety under Okawaru
  7472 | D:9      | Found a staircase to the Orcish Mines.
  7514 | D:9      | Found Ohopoin's Gadget Emporium.
  7668 | D:10     | Entered Level 10 of the Dungeon
  7706 | D:10     | Reached XP level 11. HP: 71/71 MP: 8/11
  7950 | D:10     | HP: 3/71 [troll (3)]
  7951 | D:10     | Slain by a troll

Vault maps used:
D:1:      lightli_molten_gateway, evilmike_ruin_ashenzari
D:2:      nicolae_overflow_hidden_temple, ecumenical_altar_1
D:3:      lemuel_crystal_altar, first_bread, gammafunk_pakellas_spire_experiment
D:4:      zin_angel, tgw_trog, lemuel_crystal_altar, uniq_duvessa, uniq_natasha
D:5:      vehumet_statue, makhleb_altar_promises_db, serial_shops, shop
D:6:      uniq_pikel, uniq_eustachio, uniq_edmund, uniq_menkaure, uniq_grinder
D:7:      minmay_temple_entry_purple_smoke, uniq_crazy_yiuf_cottage
D:8:      old_standard_altar, fedhas_altar_4,
          nicolae_gozag_cash_rules_everything_around_me, uniq_erica
D:9:      minmay_distorted_concentric_squares, lair_0_dummy, serial_shops,
          kennysheep_mini
D:10:     grunt_tengu_nest, hangedman_corner_corridor
Temple:   nicolae_temple_figure_zero

Skill      XL: |  1  2  3  4  5  6  7  8  9 10 |
---------------+-------------------------------+-----
Shields        | 4 5 6 7 8 9 |  9.7
Armour         | 4 5 7 8 9 |  9.9
Fighting       | 4 5 6 8 9 |  9.5
Maces & Flails | 3 4 5 7 8 |  8.8

Action                   |  1- 3 |  4- 6 |  7- 9 | 10-12 || total
-------------------------+-------+-------+-------+-------++-------
Melee: Flail             |   115 |   161 |       |       ||   276
       Hand axe          |       |    50 |   440 |  1119 ||  1609
Invok: Heroism           |       |       |       |     1 ||     1
  Use: Potion            |       |     2 |       |     1 ||     3
  Eat: Chunk             |     1 |     6 |     4 |     6 ||    17
       Pizza             |       |       |     1 |       ||     1
       Meat ration       |       |       |     4 |       ||     4
       Royal jelly       |       |       |       |     1 ||     1
Armor: Scale mail        |    79 |   108 |   226 |   665 ||  1078
Dodge: Dodged            |    54 |    66 |   112 |   411 ||   643
Block: Shield            |    81 |   103 |   225 |   877 ||  1286
